AoeStats
← mricardo96

Nomad

508905950Analyzed
2v2 RM · 9d ago on Sep 24, 2026· 44m 27s· 4 players
Game mode
Random Map
Map size
176×176
Population
200
Speed
Normal
Resources
Standard
Victory
Conquest
Starting age
Dark Age
Ending age
Imperial Age
RankedLock teamsTeams togetherTeam positionsShared explorationLock speedFull tech treeHidden civsTurbo modeCheats
Victory
Defeat
859
+18
🇫🇷 Saracens · France
851
+18
🇹🇷 Spanish · Türkiye
897
-18
🇳🇱 Chinese · Netherlands
893
-18
drip_trpz #Grandma Peek
14:32 Feudal Age
16:34 Loom
20:12 Scale Barding Armor
29:46 Castle Age
33:56 Thumb Ring
45:48 Imperial Age
43:58 Wheelbarrow
chazychaz
5:00 Loom
14:41 Feudal Age
15:38 Double-Bit Axe
18:38 Fishing Lines
23:15 Castle Age
21:41 Stone Mining
21:46 Gold Mining
23:40 Scale Barding Armor
23:46 Forging
24:51 Bow Saw
25:57 Gillnets
26:08 Town Watch
27:15 Chain Barding Armor
27:31 Iron Casting
27:04 Horse Collar
28:53 Wheelbarrow
28:23 Heavy Plow
31:15 Gold Shaft Mining
32:12 Hand Cart
32:17 Fletching
33:27 Ballistics
33:02 Murder Holes
33:20 Masonry
35:39 Herbal Medicine
35:47 Husbandry
35:57 Bloodlines
40:46 Imperial Age
40:18 Bodkin Arrow
42:19 Elite Mameluke
45:18 Two-Man Saw
45:20 Blast Furnace
44:56 Plate Barding Armor
44:21 Bracer
45:16 Counterweights
Viki
7:23 Loom
15:49 Feudal Age
24:39 Castle Age
24:17 Horse Collar
24:24 Double-Bit Axe
25:24 Forging
25:14 Scale Mail Armor
25:58 Pikeman
26:38 Squires
28:52 Husbandry
31:14 Gold Mining
31:14 Stone Mining
31:42 Fishing Lines
32:42 Town Watch
35:08 Wheelbarrow
35:36 Stone Shaft Mining
36:20 Fletching
37:25 Bodkin Arrow
38:58 Wheelbarrow
38:24 Town Patrol
42:45 Imperial Age
43:38 Ballistics
mricardo96
17:14 Loom
19:06 Feudal Age
21:26 Wheelbarrow
25:38 Scale Mail Armor
27:49 Padded Archer Armor
29:37 Forging
32:06 Town Watch
33:13 Arson
35:17 Fletching
38:07 Castle Age
40:15 Hand Cart
41:24 Double-Bit Axe
Connection lost

Rejoining the realm…

Still unreachable

The connection could not be restored.

Session expired

The server has moved on; the page needs a fresh start.